 Dungeon Crawl Stone Soup version 0.28.0-1-gb440e238dd (webtiles) character file.

Game seed: 4953488816692300407

47 issech the Cudgeller (level 3, -9/37 HPs)
             Began as a Troll Monk on Feb 25, 2022.
             Killed from afar by Sigmund (12 damage)
             ... with a puff of flame
             ... on level 2 of the Dungeon.
             The game lasted 00:03:09 (1006 turns).

issech the Cudgeller (Troll Monk)                   Turns: 1006, Time: 00:03:09

Health: -9/37      AC:  4    Str: 19    XL:     3   Next: 48%
Magic:  2/2        EV: 10    Int:  6    God:
Gold:   25         SH:  0    Dex: 14    Spells: 2/2 levels left

rFire   . . .      SeeInvis .   a - +0 mace
rCold   . . .      Faith    .   (no shield)
rNeg    . . .      Spirit   .   b - +0 robe
rPois   .          Reflect  .   (helmet restricted)
rElec   .          Harm     .   (no cloak)
rCorr   .          Rampage  .   (gloves unavailable)
Will    .....                   (boots unavailable)
Stlth   ++........              (no amulet)
HPRegen 0.92/turn               (no ring)
MPRegen 0.08/turn               (no ring)

@: no status effects
A: large, unfitting armour, claws 3, regeneration 1, shaggy fur 1, tough skin 1
a: no special abilities


You were on level 2 of the Dungeon.
You visited 1 branch of the dungeon, and saw 2 of its levels.

You collected 25 gold pieces.

Inventory:

Hand Weapons
 a - a +0 mace (weapon)
Missiles
 c - 30 sling bullets
 g - 42 stones (quivered)
Armour
 b - a +0 robe (worn)
Scrolls
 d - a scroll of identify {unknown}
 e - a scroll of holy word {unknown}
 f - 3 scrolls of teleportation {unknown}
 h - a scroll of enchant armour {unknown}
 i - a scroll of blinking {unknown}
 j - a scroll of fear {unknown}


   Skills:
 + Level 3.0 Fighting
 + Level 3.1 Maces & Flails
 + Level 2.8 Dodging
 + Level 1.1 Stealth


You had 2 spell levels left.
You didn't know any spells.
Your spell library was empty.

Dungeon Overview and Level Annotations

Branches:
Dungeon (2/15)

Altars:

Annotations:
D:2 Sigmund


Innate Abilities, Weirdness & Mutations

You are too large for most types of armour.
You have claws for hands.
Your natural rate of healing is unusually fast.
You are covered in fur. (AC +1)
You have tough skin. (AC +1)


Message History

Sigmund mumbles some strange words.
Sigmund flickers and vanishes!
Deactivating autopickup; reactivate with Ctrl-A.
Unknown command.
The bat barely misses you. The bat barely misses you.
The bat barely misses you. The bat hits you but does no damage.
The bat barely misses you.
A magic dart appears from out of thin air!
The magic dart hits you!
The bat hits you but does no damage. x2; The bat closely misses you.
You thump the bat!
You kill the bat!
The bat hits you. The bat hits you but does no damage.
The bat closely misses you.
A puff of flame appears from out of thin air!
The puff of flame hits you! The bat hits you but does no damage.
You hit the bat.
The bat is moderately wounded.
The bat barely misses you.
The bat hits you but does no damage. x2; Something hits you.
You closely miss the bat.
The bat is moderately wounded.
The bat hits you but does no damage. Something hits you!
* * * LOW HITPOINT WARNING * * *
The bat hits you but does no damage. The bat barely misses you.
You hit the bat.
You kill the bat!
Something hits you!
* * * LOW HITPOINT WARNING * * *
Your Fighting skill increases to level 3!
A puff of flame appears from out of thin air!
The puff of flame hits you.
* * * LOW HITPOINT WARNING * * *
A puff of flame appears from out of thin air!
The puff of flame hits you!
You die...

.#####...................>..#
....##.#########............#
.##....#.......†..#...#......
)###...........##..........#.
..........####.##.#.........
..........# ##.....#..#..##
.........................##
..........#####...........#
....############@..#......##
#.### ..................###
#.# ............##......##.
#.. .......................
#. ..........{..##.....###
###.###...#..†#......# #.
#...##......##... #
#######...#.# ## ##....#


There were no monsters in sight!

Vanquished Creatures
  A gnoll (D:1)
  An adder (D:2)
  A dart slug (D:1)
  An endoplasm (D:1)
  2 goblins
  4 hobgoblins (D:1)
  A quokka (D:1)
  4 ball pythons (D:1)
  6 bats
  4 frilled lizards
  A kobold (D:1)
  4 rats
30 creatures vanquished.

Notes
Turn   | Place    | Note
-------+----------+-------------------------------------------
     0 | D:1      | issech the Troll Monk began the quest for the Orb.
     0 | D:1      | Reached XP level 1. HP: 22/22 MP: 0/0
   105 | D:1      | Reached XP level 2. HP: 10/29 MP: 1/1
   557 | D:1      | Reached XP level 3. HP: 31/36 MP: 2/2
   983 | D:2      | Noticed Sigmund
  1006 | D:2      | Killed from afar by Sigmund

Illustrated notes

Levels and vault maps discovered:
D:1:      noname_arrival_rooms_in_the_neighbourhood, layout_basic
D:2:      layout_rooms, uniq_natasha, uniq_sigmund, uniq_robin

Skill      XL: |  1  2  3 |
---------------+----------+-----
Maces & Flails | 3 |  3.1
Fighting       | 3 |  3.0
Dodging        | |  2.8
Stealth        | |  1.1

Action                   || total
-------------------------++-------
Melee: Mace              ||   102
 Stab: Sleeping          ||     1
Armor: Robe              ||    59
Dodge: Dodged            ||    92
